[Event "Early-Titled-Tuesday-Blitz-December-26-2023"]
[Site "Chess.com"]
[Date "2023.12.26"]
[Round "11"]
[White "AGW2016"]
[Black "SahibSinghKnight"]
[Result "1-0"]
[WhiteElo "2576"]
[BlackElo "2668"]
[TimeControl "180+1"]
[EndTime "10:05:45 PST"]
[Termination "AGW2016 won by resignation"]

1. d4 Nf6 2. c4 g6 3. Nc3 d5 4.
cxd5 Nxd5 5. e4 Nxc3 6. bxc3 Bg7 7. Nf3 c5 8. Be3 O-O 9. Be2 Nc6 10. O-O cxd4 11.
cxd4 Bg4 12. d5 Bxf3 13. Bxf3 Ne5 14. Be2 f5 15. f4 Ng4 16. Bxg4 Bxa1 17. Qxa1 fxg4 18.
Qe5 Qd6 19. Qg5 e6 20. Qxg4 exd5 21. Rd1 Qe7 22. e5 Rad8 23. Bf2 Qd7 24. Qf3 Qf5 25. Bh4 Rd7 26. Bf6 Qc2 27. h3 Qc6 28. Qg4 d4 29. f5 d3 30. fxg6 h6 31. g7 Rxf6 32. exf6 Rf7 33. Rxd3 Qxf6 34. Qc8+ Kxg7 35. Rg3+ Qg5 36. Rxg5+ hxg5 37. Kh2 Kh7 38. Qe6 Kg7 39. Kg3 b6 40. Kg4 Rf4+ 41. Kxg5 Rf2 42. Qe7+ Rf7 43. Qe5+ Kf8 44. Kg6 Kg8 45. Qe8+ Rf8 46. Qe6+ Kh8 47. Qe5+ 1-0

[Event "Early-Titled-Tuesday-Blitz-December-26-2023"]
[Site "Chess.com"]
[Date "2023.12.26"]
[Round "11"]
[White "elchacal664"]
[Black "Klavdia_Nik"]
[Result "1/2-1/2"]
[WhiteElo "2270"]
[BlackElo "2010"]
[TimeControl "180+1"]
[EndTime "10:05:48 PST"]
[Termination "Game drawn - insufficient material"]

1. e4 c5 2. c3 b6 3. d4 Bb7 4. f3 g6 5. Be3 Bg7 6. Qd2 d6 7. h4 h5 8. Nh3 Nf6 9. Ng5 a6 10. Na3 Qc7 11. Bc4 O-O 12. dxc5 bxc5 13. O-O-O Nc6 14. Nxf7 Rxf7 15. Bxf7+ Kxf7 16. f4 Ng4 17. f5 Nxe3 18. fxg6+ Kxg6 19. Rh3 Nxd1 20. Qg5+ Kh7 21.
Qxh5+ Bh6+ 22. Kxd1 e6 23. Rf3 Ne5 24. Rf6 Qg7 25.
Rxe6 Qg4+ 26. Qxg4 Nxg4 27. Re7+ Kg6 28. Rxb7 Re8 29.
Rb6 Re6 30. Nc4 Bf4 31. Rxa6 Nf2+ 32. Kc2 Nxe4 33. g4 Nf2 34. g5 Kh5 35. b4 cxb4 36. cxb4 Kxh4 37. g6 Rxg6 38. b5 Ne4 39. b6 Nc5 40.
Ra8 d5 41. Na5 Rxb6 42. Rh8+ Kg3 43. Rd8 Rd6 44. Rxd6 Bxd6 45. Kc3 Be5+ 46. Kb4 Nd3+ 47. Kb5 Kf4 48. Nc6 Bc3 49. a4 Ke4 50. a5 Ne5 51. Nd8 Bxa5 52. Kxa5 d4 53. Ne6 d3 54.
Nc5+ Ke3 55. Nxd3 1/2-1/2

[Event "Early-Titled-Tuesday-Blitz-December-26-2023"]
[Site "Chess.com"]
[Date "2023.12.26"]
[Round "11"]
[White "ChessSwole"]
[Black "Schachmalanders"]
[Result "0-1"]
[WhiteElo "2678"]
[BlackElo "2400"]
[TimeControl "180+1"]
[EndTime "10:05:49 PST"]
[Termination "Schachmalanders won by resignation"]

1. d4 d5 2. Nc3 c5 3. e4 dxe4 4.
d5 Nf6 5. Nge2 a6 6. a4 e6 7. Nf4 exd5 8. Nfxd5 Nxd5 9. Bc4 Be6 10.
Nxd5 Bd6 11. O-O O-O 12. Qe2 Bxd5 13. Bxd5 Bxh2+ 14. Kxh2 Qxd5 15. Rd1 Qf5 16. Ra3 Nc6 17. Rg3 g6 18. Bg5 Rfe8 19. Rd6 Re6 20. Rd7 Nd4 21. Qd2 Qe5 22. c3 Nf5 23. Bf4 Qf6 24. Rh3 Rae8 25. Rxb7 e3 26. fxe3 Nxe3 27. Bxe3 Rxe3 28. Rxe3 Qf4+ 29.
g3 Qxe3 30. Qxe3 Rxe3 31. Kh3 Re4 32. b3 Re3 33. c4 Kg7 34. Kg4 h5+ 35. Kf4 Rc3 36.
a5 Kf6 37. Rb6+ Kg7 38. Rb7 Kh6 39. Rxf7 Rxb3 40. Rc7 g5+ 41. Kf5 Rf3+ 42. Ke4 Rxg3 43. Rc6+ Kg7 44. Rxa6 h4 45. Rb6 Ra3 46. a6 Ra4 47.
Kf5 h3 48. Kxg5 h2 49. Rb7+ Kf8 50. Kf6 Rxa6+ 51. Ke5 h1=Q 52. Rb8+ Ke7 53. Rh8 Qxh8+ 0-1

[Event "Early-Titled-Tuesday-Blitz-December-26-2023"]
[Site "Chess.com"]
[Date "2023.12.26"]
[Round "11"]
[White "Vincent_Vega95"]
[Black "Angry_Twin"]
[Result "0-1"]
[WhiteElo "2854"]
[BlackElo "2955"]
[TimeControl "180+1"]
[EndTime "10:05:50 PST"]
[Termination "Angry_Twin won by resignation"]

1. d4 Nf6 2. c4 e6 3. Nc3 Bb4 4. e3 d5 5. a3 Bxc3+ 6. bxc3 c6 7. a4 O-O 8. Nf3 b6 9. Nd2 Ba6 10. Be2 Re8 11. O-O Qc8 12. Bb2 Nbd7 13. Re1 c5 14. Rc1 dxc4 15. Nxc4 Qc7 16. Qb3 Bb7 17. h3 Bd5 18. Qa3 Ne4 19. Bf1 Rac8 20. Red1 Ng5 21. Nd2 c4 22. a5 b5 23. Qb4 a6 24. Ba3 f5 25. Ra1 Nf6 26. Qd6 Qb7 27. f3 Qa8 28. Qg3 Nf7 29. Qf2 e5 30. Re1 e4 31.
f4 Be6 32. Be2 Nd5 33. Rec1 Qb7 34. Bc5 Kh8 35. g4 g5 36. fxg5 Nxg5 37. Kh2 f4 38. Bd6 fxe3 39. Be5+ Kg8 40. Qh4 Qe7 41. Rf1 exd2 42. Qh6 Rf8 43. h4 Nf3+ 44. Bxf3 Rxf3 45. Rxf3 exf3 46. g5 Qf7 47. h5 Ne7 48. g6 Nxg6 49.
hxg6 Qxg6 50. Rg1 Qxg1+ 51. Kxg1 d1=Q+ 52. Kh2 Qe2+ 53. Kg3 Qg2+ 0-1

[Event "Early-Titled-Tuesday-Blitz-December-26-2023"]
[Site "Chess.com"]
[Date "2023.12.26"]
[Round "11"]
[White "snowlord"]
[Black "TanitoluwaAps116"]
[Result "0-1"]
[WhiteElo "2892"]
[BlackElo "2741"]
[TimeControl "180+1"]
[EndTime "10:05:51 PST"]
[Termination "TanitoluwaAps116 won on time"]

1. e4 c5 2. a4 Nc6 3. Bb5 g6 4.
h4 h5 5. Ra3 Bg7 6. Rg3 d6 7. Nc3 a6 8. Bc4 Be5 9. Re3 Bg4 10. f3 Bd7 11. d3 Bd4 12. Re2 e6 13. Kf1 Nge7 14. Re1 Qc7 15. Nge2 Bg7 16. Bg5 O-O-O 17.
Qd2 Rhe8 18. Bb3 Nb4 19. d4 cxd4 20. Nxd4 Nbc6 21. Nce2 Kb8 22. Nxc6+ Bxc6 23. Nd4 Rd7 24. c3 Qb6 25. Be3 Bxd4 26. Qxd4 Qxb3 27. Ra1 e5 28. Qa7+ Kc7 29. a5 Nc8 30. Qa8 Kd8 31.
Kg1 Ke7 32. Qb8 Kf8 33. Bh6+ Kg8 34. Kh2 Qe6 35. Be3 Ne7 36. Qa7 Nc8 37. Qb8 Ne7 38.
Qa7 d5 39. exd5 Nxd5 40. Bg5 Nf4 41. Rae1 Rd2 42. Bxf4 Rxg2+ 43. Kxg2 Qg4+ 44. Bg3 Qxf3+ 0-1

[Event "Early-Titled-Tuesday-Blitz-December-26-2023"]
[Site "Chess.com"]
[Date "2023.12.26"]
[Round "11"]
[White "ljuks68"]
[Black "giomar27"]
[Result "1-0"]
[WhiteElo "2528"]
[BlackElo "2403"]
[TimeControl "180+1"]
[EndTime "10:05:53 PST"]
[Termination "ljuks68 won by resignation"]

1. e4 e5 2. Nf3 Nc6 3. Bb5 a6 4. Ba4 Bc5 5. c3 Nge7 6. d4 exd4 7. cxd4 Bb4+ 8. Nc3 d5 9. e5 O-O 10. h3 f6 11. O-O fxe5 12. Nxe5 Nxe5 13. dxe5 Bxc3 14. bxc3 Ng6 15. f4 c6 16. Bc2 Ne7 17. g4 Ng6 18.
Bxg6 hxg6 19. Qd3 Qh4 20. Kg2 Kh7 21. Be3 Bd7 22. Bf2 Qe7 23. Bg3 Rae8 24. f5 gxf5 25.
gxf5 Kh8 26. e6 Bc8 27. Kh2 Rf6 28. Be5 Rh6 29. Rg1 Rg8 30. Rg4 Bxe6 31. fxe6 Qxe6 32. Qd4 c5 33. Bxg7+ Kh7 34. Qd3+ Rg6 35. Qxg6+ Qxg6 36.
Rxg6 Kxg6 37. Rg1+ Kf5 38. h4 Re8 39. h5 Re2+ 40.
Rg2 Re4 41. h6 Rh4+ 42. Kg3 Rg4+ 43. Kf3 Rf4+ 44. Ke2 Rh4 45. Kf2 b5 46. Kg1 a5 47.
Rh2 Rxh2 48. Kxh2 Kg6 49. Kg3 b4 50. cxb4 axb4 51. Kf3 c4 52. Ke3 c3 53. Kd3 Kh7 54. Kc2 Kg6 55. Kb3 Kh7 56. Kc2 Kg6 57. Kb3 Kh7 58. Kxb4 c2 59. Bb2 Kxh6 60. a4 d4 61. Bc1+ Kg6 62. a5 Kf5 63. a6 Ke6 64. a7 1-0

[Event "Early-Titled-Tuesday-Blitz-December-26-2023"]
[Site "Chess.com"]
[Date "2023.12.26"]
[Round "11"]
[White "Kotlyar_K"]
[Black "Louis64"]
[Result "1-0"]
[WhiteElo "2473"]
[BlackElo "2291"]
[TimeControl "180+1"]
[EndTime "10:05:54 PST"]
[Termination "Kotlyar_K won by resignation"]

1. e4 c5 2. Nf3 e6 3. d4 cxd4 4.
Nxd4 a6 5. Nc3 Qc7 6. g3 Bb4 7. Bd2 Nf6 8. Bg2 Nc6 9. Nce2 Be7 10. O-O O-O 11. Kh1 d5 12. exd5 Nxd5 13. c4 Nf6 14. Nxc6 bxc6 15. Qc2 e5 16. Rad1 Be6 17. b3 Rad8 18. Be3 Ng4 19. Qc3 Nxe3 20. Qxe3 Rxd1 21. Rxd1 Rd8 22. Rd3 Rxd3 23. Qxd3 f5 24. Bh3 g6 25. Nc3 Qd6 26. Qxd6 Bxd6 27. Bg2 Bd7 28. Kg1 Kf7 29. Kf1 Ke6 30. Ke2 e4 31. f3 Bb4 32. Nd1 Ke5 33. Nf2 exf3+ 34. Bxf3 Ba3 35. Nd3+ Kd4 36. Kd2 Bd6 37. Ke2 g5 38. Bh5 a5 39. Bf7 Ke4 40.
Nf2+ Kd4 41. Kf3 Kc3 42. Nd1+ Kd2 43. Nb2 c5 44. Na4 Bc6+ 45. Kf2 Kc2 46. Be6 Be4 47. Ke3 Be5 48. Nxc5 Bd4+ 49. Kxd4 Kb2 50. Nxe4 fxe4 51. Kxe4 1-0

[Event "Early-Titled-Tuesday-Blitz-December-26-2023"]
[Site "Chess.com"]
[Date "2023.12.26"]
[Round "11"]
[White "wonderfultime"]
[Black "Eternauta2400"]
[Result "1-0"]
[WhiteElo "3005"]
[BlackElo "2814"]
[TimeControl "180+1"]
[EndTime "10:05:56 PST"]
[Termination "wonderfultime won by resignation"]

1. d4 Nf6 2. Nf3 c5 3. c3 d5 4. Bf4 Qb6 5. Qc2 Nc6 6. e3 g6 7. Nbd2 Bf5 8. dxc5 Qxc5 9. Qb3 Bc8 10. Be2 Bg7 11. O-O O-O 12. h3 b6 13. Qa4 Bd7 14.
Nb3 b5 15. Nxc5 bxa4 16. Nxd7 Nxd7 17. Bb5 Rfc8 18. Bxa4 Nc5 19. Bb5 e6 20. Rfd1 a6 21.
Be2 Na4 22. Rd2 Ne7 23. Rc1 h6 24. Be5 Bxe5 25. Nxe5 Rc7 26. c4 Rac8 27. b3 Nb6 28. Rdc2 dxc4 29. Bxc4 a5 30. Bd3 Rxc2 31. Rxc2 Rxc2 32.
Bxc2 Ned5 33. a3 Nc3 34. Kf1 Nb5 35. a4 Na7 36. Ke2 Kg7 37. Kd2 Kf6 38. f4 Ke7 39.
Be4 Nd7 40. Nc4 Nc5 41. Bc2 Nc6 42. Kc3 f5 43. Nxa5 Nxa5 44. b4 Nxa4+ 45. Bxa4 Nb7 46. Kd4 Kd6 47. h4 g5 48. fxg5 hxg5 49. h5 Nd8 50.
h6 Nf7 51. h7 Nh8 52. Be8 e5+ 53. Kc4 g4 54. Bh5 Ke6 55. b5 Kd6 56. Kb4 g3 57.
Kc4 e4 58. Kd4 Ke6 59. b6 Kd6 60. Be8 Ke7 61. b7 1-0

[Event "Early-Titled-Tuesday-Blitz-December-26-2023"]
[Site "Chess.com"]
[Date "2023.12.26"]
[Round "11"]
[White "arturdailima"]
[Black "ural58"]
[Result "1/2-1/2"]
[WhiteElo "2336"]
[BlackElo "2485"]
[TimeControl "180+1"]
[EndTime "10:05:58 PST"]
[Termination "Game drawn by repetition"]

1. d4 d5 2. c4 e5 3. Nf3 e4 4. Nfd2 c6 5. e3 Nf6 6. Nc3 a6 7. f3 exf3 8. Nxf3 Bd6 9. cxd5 cxd5 10. Bd3 Bg4 11. O-O Nbd7 12. Qb3 Nb6 13. a4 O-O 14. a5 Nc4 15. Bxc4 dxc4 16. Qxc4 Rc8 17. Qb3 Qc7 18. h3 Be6 19. d5 Bf5 20. Nd4 Bd3 21. Rf2 Bc4 22. Qd1 Nxd5 23. Bd2 Be5 24. Qh5 g6 25. Qf3 Nxc3 26. Bxc3 Bg7 27. Rd1 Qe7 28. Rfd2 Rfe8 29. Re1 Qe4 30. Kf2 Qxf3+ 31. gxf3 f5 32. Ra1 Bf7 33. Ra4 Red8 34. Rb4 Rd7 35. f4 Bf8 36. Rb6 Bc5 37. Rf6 Rcd8 38. Nf3 Rxd2+ 39. Nxd2 Re8 40. Nf1 Re6 41. Rxe6 Bxe6 42. Nd2 Bd5 43. Nf3 Bxf3 44. Kxf3 Kf7 45. e4 fxe4+ 46.
Kxe4 Ke6 47. Bd2 Be7 48. Be1 Bf6 49. b3 Bb2 50. Bd2 Bf6 51. Be1 Bd8 52. Bb4 Bc7 53. Bc3 Bd8 54. Bb4 Bc7 55. Bc3 Bd8 56. Bb4 1/2-1/2

[Event "Early-Titled-Tuesday-Blitz-December-26-2023"]
[Site "Chess.com"]
[Date "2023.12.26"]
[Round "11"]
[White "Aleksandar-Topalov"]
[Black "noblerone"]
[Result "1-0"]
[WhiteElo "2386"]
[BlackElo "2505"]
[TimeControl "180+1"]
[EndTime "10:06:00 PST"]
[Termination "Aleksandar-Topalov won by resignation"]

1. b3 d5 2. Bb2 Nf6 3. Nf3 Bf5 4. g3 e6 5. Bg2 Be7 6. O-O O-O 7. d3 h6 8. Nbd2 Bh7 9. c4 c5 10. Ne5 Nc6 11.
Nxc6 bxc6 12. e4 a5 13. Qe2 Re8 14. Rfd1 a4 15. h3 axb3 16. axb3 Rb8 17. Ra6 Qc8 18. Rda1 Bf8 19. Be5 Rb7 20. h4 Nd7 21. Bc3 d4 22. Bb2 e5 23. Bc1 Be7 24. Bh3 Qc7 25. Nf3 Bd6 26. g4 Rxb3 27. g5 h5 28. Nd2 Rb6 29.
Rxb6 Nxb6 30. Qxh5 Nd7 31. Qg4 Nf8 32. Nf3 Ne6 33. h5 Nf4 34. Bxf4 exf4 35. g6 Be5 36. gxh7+ Kxh7 37. Qf5+ Kg8 38. Qg4 Bd6 39. h6 g6 40.
Qd7 Rb8 41. Qxc7 Bxc7 42. Bd7 Rb3 43. Rd1 Rb6 44. Ng5 Bd8 45. h7+ Kg7 46. h8=Q+ Kxh8 47. Nxf7+ Kg7 48. Nxd8 Rb2 49. Nxc6 g5 50. Bg4 Kf6 51. e5+ Kf7 52. e6+ Ke8 53. e7 f3 54.
Bh5+ Kd7 55. e8=Q+ Kd6 1-0

[Event "Early-Titled-Tuesday-Blitz-December-26-2023"]
[Site "Chess.com"]
[Date "2023.12.26"]
[Round "11"]
[White "Witty_Alien"]
[Black "ShahMatKanal"]
[Result "1-0"]
[WhiteElo "2460"]
[BlackElo "2503"]
[TimeControl "180+1"]
[EndTime "10:06:00 PST"]
[Termination "Witty_Alien won on time"]

1. e4 c5 2. Nf3 e6 3. d4 cxd4 4. c3 d3 5. Bxd3 Nc6 6. O-O d6 7. Re1 Nge7 8. c4 Ng6 9. b3 Be7 10. Bb2 O-O 11. Nc3 a6 12. Rc1 Nge5 13. Bb1 b6 14.
Nxe5 dxe5 15. Nd5 exd5 16. exd5 Nb8 17. Qh5 g6 18. Qxe5 f6 19. Qxe7 Qxe7 20. Rxe7 Rf7 21. Re8+ Rf8 22. Rxf8+ Kxf8 23. Bxf6 Nd7 24. Bd4 Nc5 25.
Bxc5+ bxc5 26. Re1 Ra7 27. f3 a5 28. a4 Rb7 29.
Bc2 Bf5 30. Bxf5 gxf5 31. Re3 f4 32. Rd3 Ke7 33. d6+ Kd7 34. Kf2 Rb8 35. g3 Rf8 36. gxf4 Rxf4 37. Kg3 Rf6 38. f4 Rg6+ 39. Kf3 Rh6 40. Rd2 Rh3+ 41. Ke4 Rxb3 42. Kd5 Rf3 43. Kxc5 Rxf4 44. Kb5 Rf5+ 45. c5 h5 46. Kb6 Rf3 47.
c6+ Kd8 48. d7 Rb3+ 49. Kxa5 h4 50. c7+ Kxc7 51. d8=Q+ Kc6 52. Qd6+ Kb7 53. Qe7+ Kc6 54. Rd6+ Kc5 55. Qe5+ Kc4 56. Rd4+ Kc3 57. Qe3+ Kb2 58. Rd2+ Ka3 59. Qc5+ 1-0

[Event "Early-Titled-Tuesday-Blitz-December-26-2023"]
[Site "Chess.com"]
[Date "2023.12.26"]
[Round "11"]
[White "Fischerev7"]
[Black "Shuvalov"]
[Result "1-0"]
[WhiteElo "2424"]
[BlackElo "2516"]
[TimeControl "180+1"]
[EndTime "10:06:02 PST"]
[Termination "Fischerev7 won by resignation"]

1. e4 e6 2. d4 d5 3. Nc3 Bb4 4. Ne2 Nc6 5. e5 f6 6. f4 Nh6 7. a3 Ba5 8. b4 Bb6 9. Na4 fxe5 10.
Nxb6 axb6 11. fxe5 Nf5 12. c3 O-O 13. Bf4 Nce7 14.
Qd3 Ng6 15. Bd2 c5 16. b5 cxd4 17. cxd4 Ra4 18. Bb4 Rf7 19. g3 Qg5 20. h4 Qe3 21. Rd1 Bd7 22. h5 Nf8 23. g4 Qxd3 24. Rxd3 Ne7 25. Nc3 Ra8 26. Be2 h6 27. Rf1 Nh7 28.
Rdf3 Rxf3 29. Rxf3 Re8 30. Na4 Ng5 31. Rf4 g6 32.
Nxb6 Bc8 33. Bxe7 Rxe7 34. Nxc8 Rc7 35. Nd6 gxh5 36. gxh5 Rc1+ 37. Kd2 Ra1 38. Nxb7 Ra2+ 39. Kd1 Ne4 40. Bd3 Nc3+ 41. Kc1 Rxa3 42. Nc5 Nxb5 43.
Bxb5 Rc3+ 44. Kb2 Rh3 45. Bd7 Rh4 46. Bxe6+ Kg7 47. Rxh4 1-0

[Event "Early-Titled-Tuesday-Blitz-December-26-2023"]
[Site "Chess.com"]
[Date "2023.12.26"]
[Round "11"]
[White "GiorgianBarbosa"]
[Black "LileKoridze"]
[Result "1/2-1/2"]
[WhiteElo "2477"]
[BlackElo "2388"]
[TimeControl "180+1"]
[EndTime "10:06:07 PST"]
[Termination "Game drawn - insufficient material"]

1. c4 e5 2. g3 Nf6 3. Bg2 Nc6 4.
Nc3 Bb4 5. e3 O-O 6. Nge2 Bxc3 7. Nxc3 d6 8. O-O Bf5 9. d3 Nb4 10. e4 Bg6 11. Be3 c6 12. a3 Na6 13. f4 Bh5 14.
Qd2 exf4 15. Bxf4 h6 16. Bxh6 gxh6 17. Qxh6 Bg6 18. Rf4 Nh7 19. h4 Qb6+ 20. Rf2 Rfe8 21.
h5 Re6 22. hxg6 Rxg6 23. Qf4 Rf6 24. Qg4+ Rg6 25. Qe2 Rxg3 26. Kh2 Rg7 27. Bh3 Qd4 28. Bf5 Qe5+ 29. Kh1 Kf8 30. Raf1 Ke7 31. Rh2 Ng5 32.
Rg1 Nc5 33. Qe3 Qxh2+ 34. Kxh2 Rh8+ 35. Bh3 Rxh3+ 36. Qxh3 Nxh3 37. Rxg7 Nf4 38. d4 Nce6 39. Rg4 Nd3 40. d5 Nd4 41. Rg2 Ne5 42. Kg3 Nxc4 43. dxc6 bxc6 44. Kf4 Ne6+ 45. Kf3 Nd4+ 46. Kg3 Ne6 47.
Kf2 Nf4 48. Rg4 Nd3+ 49. Kf3 Nde5+ 50. Kf4 Nxg4 51. Kxg4 Nxb2 52. Kf5 Nc4 53. Ne2 Nxa3 54. Nd4 Nc4 55. Nxc6+ Kd7 56. Nxa7 Na3 57. Kf6 Kc7 58.
Kxf7 Kb7 59. Ke6 Kxa7 60. Kxd6 Kb7 61. Kd7 Nc4 62. e5 Nxe5+ 1/2-1/2

[Event "Early-Titled-Tuesday-Blitz-December-26-2023"]
[Site "Chess.com"]
[Date "2023.12.26"]
[Round "11"]
[White "Yurasova_Daria"]
[Black "malakismayil"]
[Result "0-1"]
[WhiteElo "2465"]
[BlackElo "2542"]
[TimeControl "180+1"]
[EndTime "10:06:08 PST"]
[Termination "malakismayil won on time"]

1. d4 Nf6 2. Bg5 e6 3. e4 Be7 4. Nd2 h6 5. Bxf6 Bxf6 6. c3 d5 7. Bd3 c5 8. Ne2 cxd4 9. cxd4 dxe4 10. Nxe4 Be7 11. O-O O-O 12. Rc1 Nc6 13. Bb1 Nb4 14. a3 Nd5 15. Qd3 f5 16. Nc5 b6 17.
Na4 a5 18. Nac3 Ba6 19. Qf3 Bg5 20. Rcd1 Bb7 21. Qd3 Rc8 22. Ba2 Re8 23. Rfe1 Qd7 24. Bc4 Qd6 25. Bxd5 Bxd5 26. Nxd5 Qxd5 27. Nc3 Qd7 28.
g3 Bf6 29. Ne2 Rcd8 30. Qb3 Qd6 31. Nf4 Kf7 32. Re3 g5 33. Ne2 Rc8 34. Red3 Re7 35. Nc3 Rd8 36. Nb5 Qd5 37. Qa4 Rc8 38. Nc3 Qc6 39.
Qc2 Rd7 40. Qe2 Rd6 41. Qh5+ Kg7 42. d5 exd5 43. Nxd5 Rcd8 44. Nxf6 Rxd3 0-1

[Event "Early-Titled-Tuesday-Blitz-December-26-2023"]
[Site "Chess.com"]
[Date "2023.12.26"]
[Round "11"]
[White "Bauman_Guy"]
[Black "GeorgMeier"]
[Result "1/2-1/2"]
[WhiteElo "2919"]
[BlackElo "3041"]
[TimeControl "180+1"]
[EndTime "10:06:11 PST"]
[Termination "Game drawn by repetition"]

1. e4 e6 2. d4 d5 3. Nc3 dxe4 4. Nxe4 Nd7 5. Nf3 Ngf6 6. Bg5 h6 7. Nxf6+ Nxf6 8. Bxf6 Qxf6 9. Bb5+ c6 10. Bd3 Bd7 11.
Qe2 Bd6 12. Ne5 O-O-O 13. O-O c5 14.
Nc4 Bc6 15. Nxd6+ Rxd6 16. dxc5 Qg5 17. Be4 Qxc5 18. Bxc6 Qxc6 19. Rad1 Rhd8 20. c3 R8d7 21. g3 a6 22. Rfe1 g6 23. Rxd6 Qxd6 24. Qc4+ Qc7 25.
Qe4 h5 26. h4 Qd6 27. Re2 Qd5 28. Qxd5 Rxd5 29. Rc2 Kd7 30. Kf1 Kc6 31. Ke2 Ra5 32. b3 Re5+ 33. Kd3 Rd5+ 34. Ke3 Kc5 35. Rd2 Rxd2 36. Kxd2 e5 37. Kd3 Kd5 38. f3 f5 39.
c4+ Kc5 40. Kc3 a5 41. a3 Kc6 42. b4 a4 43. Kd3 Kd6 44. c5+ Kd5 45. Kc3 e4 46.
fxe4+ fxe4 47. Kd2 Ke5 48. Ke2 Kd4 49. Kd2 Ke5 50.
Ke2 Kd4 51. Kd2 Ke5 1/2-1/2

[Event "Early-Titled-Tuesday-Blitz-December-26-2023"]
[Site "Chess.com"]
[Date "2023.12.26"]
[Round "11"]
[White "djokovic74"]
[Black "UK_23"]
[Result "1-0"]
[WhiteElo "2659"]
[BlackElo "2366"]
[TimeControl "180+1"]
[EndTime "10:06:15 PST"]
[Termination "djokovic74 won by checkmate"]

1. c4 e6 2. Nf3 d5 3. g3 Nf6 4. d4 Be7 5. Bg2 O-O 6. Nc3 c6 7. O-O b6 8. Nd2 Ba6 9. b3 Nbd7 10. Re1 Rc8 11. Bb2 b5 12. c5 b4 13. Ncb1 Re8 14. a3 bxa3 15. Rxa3 Nb8 16. Nc3 Qc7 17.
Nf3 Nfd7 18. Qc2 e5 19. e3 Bf6 20. Rea1 Qb7 21. Bf1 Bxf1 22. Rxa7 Bd3 23. Qxd3 Qxb3 24.
Qd2 exd4 25. exd4 g6 26. R1a3 Qb4 27. Kg2 Kg7 28. h4 h5 29. R7a4 Qb7 30. Ra7 Qb4 31. Bc1 Re6 32. R7a4 Qb7 33. Ra7 Qb4 34. R7a4 Qb7 35.
Qh6+ Kg8 36. Ng5 Bxg5 37. Bxg5 Rce8 38. Bf4 Qb2 39. Ra7 Qc2 40. Bd6 Qf5 41. Bf4 Qc2 42.
Rb7 Re1 43. Qg5 R1e6 44. Bxb8 Nxb8 45. Qf4 Nd7 46. Rxd7 Qb2 47. Raa7 f6 48. Rg7+ Kh8 49. Qh6# 1-0

[Event "Early-Titled-Tuesday-Blitz-December-26-2023"]
[Site "Chess.com"]
[Date "2023.12.26"]
[Round "11"]
[White "R2D2PTY"]
[Black "Gyulamiryan-koryun"]
[Result "1/2-1/2"]
[WhiteElo "2256"]
[BlackElo "2036"]
[TimeControl "180+1"]
[EndTime "10:06:17 PST"]
[Termination "Game drawn by repetition"]

1. e4 e5 2. Nf3 Nc6 3. Bc4 Nf6 4. Ng5 d5 5. exd5 Na5 6. Bb5+ c6 7. dxc6 bxc6 8.
Bd3 Nb7 9. O-O Nc5 10. Bc4 Nd5 11. d4 Ne6 12. Nxe6 Bxe6 13. dxe5 Bc5 14. Nd2 O-O 15. Ne4 Bb6 16. Ng5 Nf4 17. Nxe6 Nxe6 18. Qxd8 Raxd8 19. c3 Rfe8 20. Kh1 Nc5 21. Bf4 Nd3 22. Bxd3 Rxd3 23. Kg1 h6 24. Rad1 Red8 25. Rxd3 Rxd3 26. h3 g5 27. Bc1 Bc7 28. Re1 Bxe5 29. Rxe5 Rd1+ 30.
Kh2 Rxc1 31. Re8+ Kg7 32. Re7 Rc2 33. Rb7 Rxf2 34. a4 a5 35. Rb6 h5 36. Kg3 Rd2 37.
Kf3 f6 38. h4 g4+ 39. Kg3 Kg6 40. Rxc6 Rxb2 41. Rc5 Rb3 42. Kf2 Ra3 43. Rxa5 Rxc3 44. Rb5 f5 45. Rb6+ Kf7 46. a5 f4 47. Rh6 Rc2+ 48. Kf1 g3 49. Rxh5 Rf2+ 50. Kg1 Ra2 51. Kf1 Rf2+ 52. Kg1 Ra2 53. Kf1 Rf2+ 1/2-1/2

[Event "Early-Titled-Tuesday-Blitz-December-26-2023"]
[Site "Chess.com"]
[Date "2023.12.26"]
[Round "11"]
[White "LikeWater"]
[Black "JimDiGrease"]
[Result "1-0"]
[WhiteElo "2779"]
[BlackElo "2951"]
[TimeControl "180+1"]
[EndTime "10:06:20 PST"]
[Termination "LikeWater won on time"]

1. e4 c5 2. c3 d5 3. exd5 Qxd5 4. d4 Nf6 5. Nf3 e6 6. Na3 Nc6 7. Nb5 Qd8 8. dxc5 Bxc5 9. Qxd8+ Kxd8 10. b4 Bb6 11.
Nd6 Ke7 12. Nc4 Bc7 13. b5 Na5 14. Ba3+ Ke8 15. Nd6+ Bxd6 16. Bxd6 b6 17. Bb4 Nb7 18. Bd3 Nd5 19. Be4 Nxb4 20. cxb4 Rb8 21. O-O-O f6 22.
Nd4 Bd7 23. Nc6 Rc8 24. Kb2 Nd8 25. Nxa7 Rc4 26. Bc6 Nxc6 27. bxc6 Bxc6 28. Rc1 Rxb4+ 29. Kc3 Ra4 30. Nxc6 Rxa2 31. Ra1 Rxa1 32. Rxa1 Kd7 33. Nd4 Rc8+ 34. Kd3 Rc7 35. Ra8 e5 36. Nb5 Rc5 37.
Ra7+ Ke6 38. Nc3 g6 39. Rxh7 f5 40. Rb7 Rc6 41. Na4 Rd6+ 42. Ke2 Rd4 43. Rxb6+ Kf7 44.
Nc3 Rc4 45. Kd3 Rd4+ 46. Ke3 Rc4 47. Nd5 Re4+ 48. Kf3 Rd4 49. Ne3 Rf4+ 50. Ke2 Re4 51. f3 Ra4 52. Rb2 Ke6 53. Kf2 Ra3 54. Rb6+ Kf7 55.
Nc4 e4 56. Nxa3 1-0

[Event "Early-Titled-Tuesday-Blitz-December-26-2023"]
[Site "Chess.com"]
[Date "2023.12.26"]
[Round "11"]
[White "drillovsky"]
[Black "NelsonLinda"]
[Result "0-1"]
[WhiteElo "2414"]
[BlackElo "2613"]
[TimeControl "180+1"]
[EndTime "10:06:21 PST"]
[Termination "NelsonLinda won on time"]

1. e4 c5 2. Nf3 e6 3. d4 cxd4 4.
Nxd4 Nf6 5. Nc3 d6 6. Bg5 Be7 7.
Qd2 h6 8. Bh4 O-O 9. O-O-O a6 10. Bxf6 Bxf6 11. f4 b5 12. Kb1 Bb7 13. Nf3 Be7 14. Bd3 Nd7 15. g4 Nc5 16. Rde1 b4 17.
Nd1 d5 18. e5 Ne4 19. Qg2 a5 20. Nf2 Nxf2 21. Qxf2 b3 22. cxb3 a4 23. Nd4 axb3 24.
Nxb3 Qd7 25. f5 Qa4 26. Nc1 Rfc8 27. f6 Bc5 28. Qe2 Bd4 29. fxg7 Ba6 30. Bxa6 Rxa6 31. b3 Qb4 32. Nd3 Qc3 33. Nb2 Rac6 34. g5 Bxe5 35. gxh6 Qxb2+ 36. Qxb2 Bxb2 37. Kxb2 Rc2+ 38. Kb1 Rg2 39. Rc1 Ra8 40. a4 Rg6 41. Rhg1 Rxh6 42. Rc7 Rxh2 43. a5 Rh3 44. a6 Rb8 45. a7 Rhxb3+ 46. Kc2 Rb2+ 47. Kd3 Ra8 48. Kd4 Ra2 49. Ke5 R2xa7 50. Rxa7 Rxa7 51. Kf6 Ra2 0-1

[Event "Early-Titled-Tuesday-Blitz-December-26-2023"]
[Site "Chess.com"]
[Date "2023.12.26"]
[Round "11"]
[White "Alexchess1984"]
[Black "sheldons73tshirt"]
[Result "1-0"]
[WhiteElo "2719"]
[BlackElo "2586"]
[TimeControl "180+1"]
[EndTime "10:06:26 PST"]
[Termination "Alexchess1984 won on time"]

1. e4 c6 2. d4 d5 3. e5 Bf5 4.
Nf3 e6 5. Be2 Nd7 6. O-O h6 7.
Nbd2 Ne7 8. Re1 Bh7 9. Nf1 Nf5 10. Bd3 Be7 11. c3 O-O 12. Qc2 Bg6 13. Ng3 Nxg3 14. Bxg6 fxg6 15. hxg3 Kh7 16. Be3 b6 17. Rad1 Rc8 18.
Kh1 c5 19. dxc5 bxc5 20. Bf4 Rf5 21. c4 d4 22. b4 Qf8 23. bxc5 Bxc5 24. Nxd4 Bxd4 25.
Rxd4 Nb6 26. Qe4 h5 27. Red1 Qb4 28. Qb7 Rxc4 29. Rxc4 Qxc4 30. Qxa7 Nd5 31. Qa3 Nxf4 32. gxf4 Qxf4 33. Qb2 Rxe5 34. Qd2 Qh4+ 35. Kg1 Rd5 36. Qe2 Qa4 37. Re1 e5 38. Qf3 Ra5 39. Qe4 Qxa2 40. Rd1 Qa4 41. Qe2 e4 42. g3 Re5 43.
Rc1 Qe8 44. Qe3 Qe7 45. Rc6 Qg5 46. Qxg5 Rxg5 47. Re6 Rg4 48. Kg2 Kh6 49. Re5 Kh7 50. Re8 g5 51. Kh3 Kg6 52. Kg2 Kf5 53. Rf8+ Kg6 54.
Re8 h4 55. Kh3 hxg3 56. fxg3 e3 57. Kxg4 1-0

[Event "Early-Titled-Tuesday-Blitz-December-26-2023"]
[Site "Chess.com"]
[Date "2023.12.26"]
[Round "11"]
[White "TitarovVasiliYouTube"]
[Black "aksuliini1"]
[Result "0-1"]
[WhiteElo "2534"]
[BlackElo "2486"]
[TimeControl "180+1"]
[EndTime "10:06:28 PST"]
[Termination "aksuliini1 won on time"]

1. e4 c6 2. Nc3 d5 3. Nf3 Bg4 4. h3 Bxf3 5. Qxf3 e6 6. g3 Nf6 7. Bg2 Nbd7 8. O-O Bd6 9. d4 dxe4 10. Nxe4 Nxe4 11. Qxe4 Nf6 12. Qd3 O-O 13. c4 e5 14.
Rd1 Re8 15. Bg5 h6 16. Be3 Qe7 17. Qb3 Red8 18. Rd2 exd4 19. Rxd4 Bc5 20. Rxd8+ Rxd8 21. Re1 Bxe3 22. Rxe3 Qd7 23. Kh2 b6 24. Qa4 c5 25.
Ra3 Qd2 26. Qxa7 Qxf2 27. Qxb6 Rd2 28. Ra8+ Kh7 29. Qb7 Rxb2 30. Qc6 h5 31. Ra3 h4 32. Qf3 Qxf3 33. Rxf3 hxg3+ 34. Kxg3 Rxa2 35. Rf5 Ra3+ 36. Kh2 Ra5 37. Bc6 Kg6 38. Re5 Kh6 39. Bb5 Ra2+ 40.
Kg3 Nh5+ 41. Kf3 Ra3+ 42. Kf2 Rxh3 43. Rxc5 g5 44. Be8 g4 45. Bxf7 Rf3+ 46. Kg2 Rxf7 47. Rc6+ Kg5 48. c5 Nf4+ 49. Kg1 Ne2+ 50. Kg2 g3 51. Re6 Rf2+ 52. Kh3 g2 53. Re8 g1=Q 0-1